 Dungeon Crawl Stone Soup version 0.27-a0-1502-g47ed6a6988 (webtiles) character file.

Game seed: 16467235393609321980

169 ABBCCCDDDD the Magician (level 5, -6/37 HPs)
             Began as a Djinni Ice Elementalist on July 8, 2021.
             Mangled by a wight (14 damage)
             ... on level 4 of the Dungeon.
             The game lasted 00:08:04 (2588 turns).

ABBCCCDDDD the Magician (Djinni Ice Elementalist)   Turns: 2588, Time: 00:08:05

Health: -6/37      AC:  6    Str:  8    XL:     5   Next: 79%
Gold:   79         EV: 12    Int: 16    God:
                   SH:  0    Dex: 14

rFire    + + .     SeeInvis .   n - +1 dagger (drain)
rCold    . . .     Faith    .   (no shield)
rNeg     . . .     Spirit   .   b - +3 leather armour
rPois    ∞         Reflect  .   (no helmet)
rElec    .         Harm     .   (no cloak)
rCorr    .         Rampage  .   (no gloves)
Will     .....                  (boots unavailable)
Stlth    ++........             (no amulet)
HPRegen  0.12/turn              h - ring of protection from cold
MPRegen  0.00/turn              (no ring)

@: flying
A: sickness immunity, fire resistance 2, cold vulnerability 1, float, innate
caster, hp casting, extra vitality 1
a: no special abilities


You were on level 4 of the Dungeon.
You visited 1 branch of the dungeon, and saw 4 of its levels.

You collected 79 gold pieces.

Inventory:

Hand Weapons
 f - a +0 vorpal long sword
 n - a +1 dagger of draining (weapon)
 p - a +2 short sword of venom
Missiles
 k - 57 stones
 l - 16 sling bullets
Armour
 a - a +0 robe
 b - a +3 leather armour (worn)
Jewellery
 h - a ring of protection from cold (left hand)
Wands
 r - a wand of iceblast (12)
Scrolls
 e - a scroll of silence {unknown}
 i - a scroll of magic mapping {unknown}
 j - 2 scrolls of noise {unknown}
 m - 2 scrolls of enchant weapon {unknown}
 q - a scroll of identify {unknown}
Potions
 c - a potion of brilliance {unknown}
 d - a potion of ambrosia {unknown}
 g - 2 potions of lignification {unknown}
 o - a potion of haste {unknown}


   Skills:
 + Level 1.6 Fighting
 - Level 4.0 Dodging
 + Level 1.6 Stealth
 - Level 4.3 Spellcasting


You couldn't memorise any spells.
You knew the following spells:

 Your Spells              Type           Power      Damage    Failure   Level
a - Freeze                Ice            68%        1d8       4%          1
b - Frozen Ramparts       Ice            34%        1d5       12%         3
c - Ozocubu's Armour      Ice            17%        N/A       12%         3
d - Hailstorm             Conj/Ice       17%        3d6       38%         4
e - Sandblast             Erth           34%        2d9       4%          1
f - Searing Ray           Conj           34%        3d4       6%          2
Your spell library was empty.

Dungeon Overview and Level Annotations

Branches:
Dungeon (3/15)

Altars:
The Shining One

Annotations:
D:2 Sigmund


Innate Abilities, Weirdness & Mutations

You are immune to sickness and miasma.
You are immune to poison.
Your flesh is very heat resistant. (rF++)
You are vulnerable to cold. (rC-)
You float through the air rather than walking.
You learn spells naturally, not from books.
Your magical power is your life essence.
You have superior vitality. (+4 HP)


Message History

The ufetubus resists.
The wall freezes the ufetubus.
The ufetubus hits you but does no damage. x2
The wight completely resists.
The wall freezes the wight but does no damage.
The ufetubus resists.
The wall freezes the ufetubus.
You kill the ufetubus!
The wight completely resists.
The wall freezes the wight but does no damage.
The wight resists.
The wall freezes the wight.
Casting: Frozen Ramparts (dangerous; 12% risk of failure)
Confirm with . or Enter, or press ? or * to list all spells.
Aiming: Searing Ray (safe; 6% risk of failure)
Press: ? - help, Shift-Dir - straight line, f - wight
Aim: a wight, wielding a +0 falchion and wearing a +0 robe (78% to hit)
The searing ray hits the wight but does no damage.
The wight is lightly damaged.
The searing ray hits the wight.
The wight is moderately damaged. (Press . to maintain the ray.)
The wight resists.
The wall freezes the wight.
The wight resists.
The wall freezes the wight.
The wight hits you with a +5 morningstar!
The searing ray misses the wight.
The searing ray hits the wight.
The wight is severely damaged.
The wight resists.
The wall freezes the wight.
The wight resists.
The wall freezes the wight.
The wight barely misses you.
The searing ray hits the wight.
The wight is heavily damaged.
The searing ray misses the wight.
The wight completely resists.
The wall freezes the wight but does no damage.
The wight completely resists.
The wall freezes the wight but does no damage.
The wight hits you with a +5 morningstar!
* * * LOW HITPOINT WARNING * * *
Your frozen ramparts will break if you move.
Continue?
Okay, then.
Your frozen ramparts will break if you move.
Continue?
The frozen ramparts melt away as you move.
The wight hits you with a +5 morningstar!
You die...

#..............#....
#..............:.... ###
#....##...##........
##.##
#........####z......
#...## ##......##
##....... #.[..##
#.[..z.# #........
##....## #.....##
#........ #..÷..##
#..z.## ##........
#......## ##@.##
#.........
#.......####..#
##........
#........##...#
#.......#
#........##..##
##.....## #.........#..#
##..### #...........##
#### #..## #...........#
##..## #..#
#...........#
#....###.##
#...........###..).##..#


You could see 2 wights.

Vanquished Creatures
  A scorpion (D:4)
  Jessica (D:2)
  4 adders (D:2)
  An ufetubus (D:4)
  A dart slug (D:2)
  3 ball pythons
  A bat (D:1)
  4 endoplasms
  2 goblins (D:2)
  5 hobgoblins
  2 jackals (D:2)
  7 kobolds
  3 quokkas
  2 frilled lizards (D:2)
  4 rats
41 creatures vanquished.

Notes
Turn   | Place    | Note
-------+----------+-------------------------------------------
     0 | D:1      | ABBCCCDDDD the Djinni Ice Elementalist began the quest for
                  | the Orb.
     0 | D:1      | Reached XP level 1. HP: 15/15 MP: 0/0
   395 | D:1      | Found a faded altar of an unknown god.
   477 | D:1      | Reached XP level 2. HP: 21/21 MP: 0/0
  1044 | D:1      | You are sucked into a shaft and drop 1 floor!
  1202 | D:2      | Reached XP level 3. HP: 24/25 MP: 0/0
  1202 | D:2      | Learned a level 1 spell: Sandblast
  1542 | D:2      | Found a glowing golden altar of the Shining One.
  1564 | D:2      | Reached XP level 4. HP: 28/31 MP: 0/0
  1846 | D:2      | Noticed Jessica
  1855 | D:2      | Killed Jessica
  1856 | D:2      | Reached XP level 5. HP: 23/35 MP: 0/0
  1856 | D:2      | Learned a level 2 spell: Searing Ray
  1990 | D:2      | Noticed Sigmund
  2051 | D:2      | You are sucked into a shaft and drop 2 floors!
  2060 | D:4      | Reached skill level 1 in Fighting
  2588 | D:4      | Mangled by a wight

Illustrated notes

Levels and vault maps discovered:
D:1:      sevenhm_arrival_forest_fort_small_4, layout_basic,
          shapermc_ecumenical_altar_petra, bh_walls_and_bars
D:2:      layout_rooms, basic_altar, fountainhead, chequers_jeans, uniq_sigmund,
          uniq_jessica
D:3:      layout_rooms
D:4:      layout_cave_pods, uniq_duvessa

Skill      XL: |  1  2  3  4  5 |
---------------+----------------+-----
Dodging        | 3 4 |  4.0
Spellcasting   | 4 |  4.3
Fighting       | 1 |  1.6
Stealth        | |  1.6

Action                   |  1- 3 |  4- 6 || total
-------------------------+-------+-------++-------
Melee: Long sword        |    17 |     1 ||    18
       Unarmed           |     1 |       ||     1
       Dagger            |       |     8 ||     8
 Cast: Freeze            |    28 |    21 ||    49
       Sandblast         |       |     3 ||     3
       Searing Ray       |       |     2 ||     2
       Frozen Ramparts   |       |     1 ||     1
 Stab: Sleeping          |     5 |     3 ||     8
Armor: Leather armour    |     8 |    14 ||    22
Dodge: Dodged            |    24 |    34 ||    58
       Rpst.: Long sword |     9 |     3 ||    12

Table legend: (Time is in decaauts)
 A = Elapsed time spent in this place.
 B = Non-inter-level travel time spent in this place.
 C = Inter-level travel time spent in this place.
 D = Time resting spent in this place.
 E = Time spent auto-exploring this place.
 F = Levels seen in this place.
 G = Mean time per level.
                   A        B        C        D        E       F      G
               +--------+--------+--------+--------+--------+-----+--------+
         Total |   2593 |   2548 |     45 |   1074 |   1058 |   4 |  648.2 |
       Dungeon |   2593 |   2548 |     45 |   1074 |   1058 |   4 |  648.2 |
               +--------+--------+--------+--------+--------+-----+--------+

Top non-repeatable levels by time:
     D:1: 1047 daAuts
     D:2: 1008 daAuts
     D:4: 536 daAuts
     D:3: 1 daAuts
